 Dungeon Crawl Stone Soup version 0.31.0-11-ge490571c62 (webtiles) character file.

Game seed: 9427679537253184573

1647 Rassilon the Cudgeller (level 9, -5/56 HPs)
             Began as a Gargoyle Fighter on Feb 1, 2024.
             Slain by a wight
             ... wielding a +5 long sword
              (12 damage)
             ... on level 5 of the Dungeon.
             The game lasted 00:19:13 (4279 turns).

Rassilon the Cudgeller (Gargoyle Fighter)           Turns: 4279, Time: 00:19:13

Health: -5/56      AC: 14    Str: 24    XL:     9   Next: 0%
Magic:  9/9        EV:  9    Int:  9    God:
Gold:   214        SH:  5    Dex:  9    Spells: 8/8 levels left

rFire   . . .        a - +0 flail
rCold   + . .        c - +1 buckler
rNeg    + . .        b - +0 scale mail
rPois   ∞            (no helmet)
rElec   +            (no cloak)
rCorr   .            (no gloves)
SInv    +            (no boots)
Will    .....        (no amulet) Stlth
                     h - ring of see invisible
HPRegen 0.29/turn    (no ring)
MPRegen 0.11/turn

%: no passive effects
@: no status effects
A: sickness immunity, AC +6, negative energy resistance 1, electricity
resistance, torment resistance 1, petrification resistance, hooves 1, cold
resistance 1
a: no special abilities


You were on level 5 of the Dungeon.
You visited 1 branch of the dungeon, and saw 6 of its levels.

You collected 214 gold pieces.

Inventory:

Hand Weapons
 a - a +0 flail (weapon)
Missiles
 k - 6 javelins (quivered)
Armour
 b - a +0 scale mail (worn)
 c - a +1 buckler (worn)
Jewellery
 h - a ring of see invisible (left hand)
 l - a +6 ring of dexterity
Talismans
 g - a blade talisman
Scrolls
 e - 2 scrolls of teleportation
 n - a scroll of identify
 o - a scroll of vulnerability
 q - 2 scrolls of revelation {unknown}
 s - a scroll of enchant weapon {unknown}
 t - 2 scrolls of amnesia {unknown}
 u - a scroll of silence {unknown}
 v - a scroll of poison {unknown}
Potions
 d - a potion of might
 f - 2 potions of attraction
 i - 2 potions of heal wounds
 j - a potion of lignification
 m - 3 potions of enlightenment


   Skills:
 + Level 6.6 Fighting
 * Level 7.6 Maces & Flails
 + Level 6.6 Armour
 - Level 5.0 Shields


You had 8 spell levels left.
You didn't know any spells.
Your spell library contained the following spells:

 Spells                   Type           Power      Damage    Failure   Level
 Foxfire                  Conj/Fire      0%         2x1d4     73%         1
 Fugue of the Fallen      Necr           0%         N/A       97%         3
 Ozocubu's Armour         Ice            0%         N/A       97%         3
 Stone Arrow              Conj/Erth      0%         3d7       97%         3
 Animate Armour           Summ/Erth      0%         N/A       100%        4
 Cause Fear               Hex            0%         N/A       100%        4
 Manifold Assault         Tloc           0%         N/A       100%        4
 Fireball                 Conj/Fire      0%         3d3       100%        5
 Plasma Beam              Fire/Air       0%         2x1d10    100%        6
 Starburst                Conj/Fire      0%         6d3       100%        6
 Lehudib's Crystal Spear  Conj/Erth      0%         10d2      100%        8
 Dragon's Call            Summ           0%         N/A       100%        9


Dungeon Overview and Level Annotations

Branches:
Dungeon (6/15)             Temple (0/1) D:6

Altars:
Dithmenos
Nemelex Xobeh
Xom

Shops:
D:6 =

Annotations:
D:6 1 runed translucent door, pigah's ghost, novice OpSh


Innate Abilities, Weirdness & Mutations

You are immune to sickness and miasma.
Your stone body is resilient. (AC +6)
You are immune to poison.
You resist negative energy. (rN+)
You are resistant to electric shocks. (rElec)
You are resistant to unholy torment.
You are immune to petrification.
You have large cloven feet.
Your flesh is cold resistant. (rC+)


Message History

A hound comes into view.
The hound moves out of view.
An orc comes into view. It is wielding a +0 club.
Found a staircase to the Ecumenical Temple.
The orc shouts! x2
The hound closely misses you.
You miss the hound. Your kick misses the hound. The hound barely misses you.
You sock the hound! Your kick misses the hound.
The hound is almost dead.
The hound barely misses you. The hound bites you.
An orc wizard comes into view. It is wielding a +0 dagger.
You sock the hound!
You kill the hound!
You block the wight's attack. x2
You have reached level 9!
Your experience leads to an increase in your attributes!
Increase (S)trength, (I)ntelligence, or (D)exterity?
You feel stronger. x2
The wight attacks as it pursues you!
The wight hits you from afar with a +1 spear.
The wight attacks as it pursues you! You block the wight's attack.
The wight attacks as it pursues you!
The wight hits you with a +5 long sword!
* * * LOW HITPOINT WARNING * * *
There is a stone staircase leading up here.
The wight hits you but does no damage.
The wight hits you from afar with a +1 spear.
* * * LOW HITPOINT WARNING * * *
You climb upwards.
There is a stone staircase leading down here.
You closely miss the wight. You kick the wight, but do no damage.
The wight hits you with a +5 long sword.
* * * LOW HITPOINT WARNING * * *
You hit the wight. You kick the wight.
The wight is heavily damaged.
The wight barely misses you.
You barely miss the wight. Your kick misses the wight.
The wight is heavily damaged.
The wight hits you with a +5 long sword!
You die...

## ######. #......
#.####. #.####. #......
#......
########################
#.#####
................@......#
#.#<##.
...#############z#####.#
#.#.##. ...# #.# #.#
#.#.##. ...# ####.# ##.#
#.#.##. ...#
######.#######..#
#.#.##. ...#
#............#..#
#.#.... .).#
#..........#.#..#
#.####.
..)#####..#......#..#..#
##.# #.
...†)..#...##...#...##.#
#..# ##


You could see a wight.

Vanquished Creatures
  Pikel (D:5)
  Grinder (D:4)
  A water moccasin (D:4)
  4 ogres
  A phantom (D:6)
  A quasit (D:5)
  A jelly (D:6)
  2 bombardier beetles
  A hound (D:6)
  Natasha (thrice) (D:3)
  An iguana (D:5)
  8 gnolls
  An adder (D:2)
  A shadow imp (D:5)
  A white imp (D:5)
  6 ufetubi (D:5)
  A dart slug (D:4)
  A ribbon worm (D:3)
  2 orcs
  7 ball pythons
  7 endoplasms
  3 giant cockroaches
  9 hobgoblins
  8 jackals
  3 quokkas
  3 bats
  2 frilled lizards (D:1)
  6 goblins
  3 kobolds (D:1)
  3 rats
92 creatures vanquished.

Notes
Turn   | Place    | Note
-------+----------+-------------------------------------------
     0 | D:1      | Rassilon the Gargoyle Fighter began the quest for the Orb.
     0 | D:1      | Reached XP level 1. HP: 14/14 MP: 1/1
   103 | D:1      | Reached XP level 2. HP: 19/19 MP: 2/2
   321 | D:1      | Reached XP level 3. HP: 22/23 MP: 3/3
   858 | D:2      | Found a shimmering altar of Xom.
  1208 | D:2      | Reached skill level 3 in Maces & Flails
  1421 | D:3      | Reached XP level 4. HP: 29/29 MP: 4/4
  1429 | D:3      | Noticed Natasha
  1437 | D:3      | Killed Natasha
  1522 | D:3      | Noticed Natasha
  1529 | D:3      | Killed Natasha
  1531 | D:3      | Noticed Natasha
  1539 | D:3      | Killed Natasha
  1540 | D:3      | Reached XP level 5. HP: 23/33 MP: 5/5
  2018 | D:4      | Noticed an ogre
  2028 | D:4      | Killed an ogre
  2029 | D:4      | Reached skill level 4 in Maces & Flails
  2029 | D:4      | Reached XP level 6. HP: 4/39 MP: 6/6
  2249 | D:4      | Noticed a water moccasin
  2271 | D:4      | Killed a water moccasin
  2280 | D:4      | Gained mutation: Your flesh is cold resistant. (rC+)
                  | [potion of mutation]
  2280 | D:4      | Gained mutation: You have large cloven feet. [potion of
                  | mutation]
  2493 | D:4      | Noticed Grinder
  2555 | D:4      | Killed Grinder
  2556 | D:4      | Reached skill level 5 in Fighting
  2556 | D:4      | Reached skill level 5 in Maces & Flails
  2556 | D:4      | Reached skill level 5 in Armour
  2556 | D:4      | Reached skill level 5 in Shields
  2556 | D:4      | Reached XP level 7. HP: 34/44 MP: 7/7
  2677 | D:4      | Found a sparkling altar of Nemelex Xobeh.
  2679 | D:4      | Found a shadowy altar of Dithmenos.
  3037 | D:5      | Entered Level 5 of the Dungeon
  3282 | D:5      | Reached skill level 6 in Maces & Flails
  3282 | D:5      | Reached XP level 8. HP: 20/50 MP: 8/8
  3627 | D:5      | Noticed Pikel
  3641 | D:5      | Killed Pikel
  3642 | D:5      | Reached skill level 7 in Maces & Flails
  4137 | D:6      | Found Kuzoir's Jewellery Boutique.
  4185 | D:6      | Found a runed translucent door.
  4198 | D:6      | Noticed pigah's ghost (novice OpSh)
  4267 | D:6      | Found a staircase to the Ecumenical Temple.
  4271 | D:6      | Reached XP level 9. HP: 20/56 MP: 9/9
  4279 | D:5      | Slain by a wight

Illustrated notes

Levels and vault maps discovered:
D:1:      minmay_arrival_plants_in_alcoves, layout_loops_cross,
          minmay_fountain_box
D:2:      layout_rooms, basic_altar, kennysheep_crisscross
D:3:      layout_basic, uniq_natasha
D:4:      layout_rooms, grunt_temple_overflow_open, uniq_grinder
D:5:      layout_basic, serial_demonic, serial_demonic_c, serial_demonic_e,
          serial_demonic_d, serial_demonic_c, hangedman_decor_opposing,
          uniq_pikel
D:6:      minmay_chambers_of_fours, layout_cave_pools,
          minmay_temple_entry_overgrown, serial_shops, shop,
          ebering_ghost_sewer_f, minmay_crystal_water,
          nicolae_kite_square_tiling_tiny, chequers_serial_rivers_small_3,
          kennysheep_dice

Skill      XL: |  1  2  3  4  5  6  7  8 |
---------------+-------------------------+-----
Maces & Flails | 3 4 5 6 7 |  7.6
Fighting       | 4 5 6 |  6.6
Armour         | 4 5 6 |  6.6
Shields        | 4 5 |  5.0

Action                     |  1- 3 |  4- 6 |  7- 9 || total
---------------------------+-------+-------+-------++-------
  Melee: Flail             |   141 |   112 |   133 ||   386
         Kick              |       |       |    39 ||    39
    Use: Potion            |       |     9 |       ||     9
         Scroll            |       |       |     5 ||     5
 Armour: Scale mail        |    98 |    70 |   128 ||   296
         Skin              |       |    32 |       ||    32
  Dodge: Dodged            |    70 |    49 |    71 ||   190
  Block: Buckler           |    31 |    16 |    39 ||    86
